 Dungeon Crawl Stone Soup version 0.19-a0-805-g0a78ef0 (webtiles) character file.

693 vatarom the Shield-Bearer (level 7, -2/60 HPs)
             Began as a Formicid Fighter on June 27, 2016.
             Was a Believer of Hepliaklqana.
             Killed by divine providence
             ... invoked by an orc priest
              (7 damage)
             ... on level 5 of the Dungeon.
             The game lasted 00:07:29 (3489 turns).

vatarom the Shield-Bearer (Formicid Fighter)        Turns: 3489, Time: 00:07:30

Health: -2/60      AC:  8    Str: 21    XL:     7   Next: 96%
Magic:  7/7        EV:  7    Int: 15    God:    Hepliaklqana [**....]
Gold:   219        SH:  0    Dex: 10    Spells: 0 memorised, 6 levels left

rFire  + . .     SeeInvis +     k - +2 spear (pierce)
rCold  . . .     Gourm    .     b - +0 scale mail
rNeg   . . .     Faith    .     h - +0 large shield
rPois  .         Spirit   .     (helmet unavailable)
rElec  .         Dismiss  .     (no cloak)
rCorr  .         Reflect  .     (no gloves)
SustAt .         Harm     .     (no boots)
MR     .....                    (no amulet)
Stlth  ..........               n - ring of protection from fire
                                i - +4 ring of intelligence

@: confused, not resistant to hostile enchantments, extremely unstealthy
A: permanent stasis, dig shafts and tunnels, four strong arms, antennae 3, large
bone plates 1, clever 1, high mp 1
a: Dig, Shaft Self, Recall Ancestor, Ancestor Identity, Renounce Religion


You were on level 5 of the Dungeon.
You worshipped Hepliaklqana.
Hepliaklqana was pleased with you.
You were not hungry.

You visited 1 branch of the dungeon, and saw 5 of its levels.

You collected 254 gold pieces.
You spent 35 gold pieces at shops.

Inventory:

Hand Weapons
 k - a +2 spear of piercing (weapon)
Armour
 b - a +0 scale mail (worn)
 h - a +0 large shield (worn)
 m - a +2 shield
Jewellery
 i - a +4 ring of intelligence (left hand)
 n - a ring of protection from fire (right hand)
Wands
 a - a wand of paralysis (11/24)
Scrolls
 c - 3 scrolls of identify
 f - a scroll of remove curse
 l - a scroll of enchant armour
 q - a scroll of magic mapping {unknown}
Potions
 d - a potion of might
 e - a potion of curing
 j - a potion of degeneration {unknown}
 p - a potion of cancellation
Comestibles
 g - a meat ration


   Skills:
 + Level 7.1 Fighting
 - Level 2.0 Polearms
 - Level 3.2 Armour
 - Level 7.8 Shields


You had 6 spell levels left.
You didn't know any spells.

Dungeon Overview and Level Annotations

Branches:
Dungeon (5/15)
 Temple: D:4-7

Altars:
Ashenzari
Gozag
Hepliaklqana
Zin

Shops:
D:4 ****


Innate Abilities, Weirdness & Mutations

You are under a permanent stasis effect.
You can dig through walls and to a lower floor.
Your four strong arms can wield two-handed weapons with a shield.
You have a pair of large antennae on your head. (SInv)
You are partially covered in large bone plates. (AC +2, SH +2)
Your mind is acute. (Int +2)
You have an increased reservoir of magic. (+10% MP)


Message History

You feel better.
The orc priest invokes the aid of Beogh against you.
Beogh smites you! You block the orc priest's attack.
You closely miss the orc priest. You block the orc priest's attack.
The orc priest barely misses you.
Khenut hits the orc priest with a quarterstaff!
The orc wizard gestures at you while chanting.
You are confused.
You bump into the rock wall.
The orc priest invokes the aid of Beogh against you.
Pain shoots through your body!
* * * LOW HITPOINT WARNING * * *
The orc priest invokes the aid of Beogh against you.
Beogh smites you!
* * * LOW HITPOINT WARNING * * *
Khenut barely misses the orc priest.
The orc wizard barely misses you.
The orc priest hits you but does no damage.
The orc priest mumbles some strange prayers to Beogh against you.
Beogh smites you!
You die...

## .......#.#.# .#
#.......... .#
#.........### .####
#......)... ....#
#........# .##<#
#........# .##.####
#...ooo#.# .......#
#...R.@..# #...##.#
###...#### #.####.####
#...# #.#.......#
#...######
#.#.##.##†###........##
#.#
#................#..
#....................
##............[..#.#.
###.###...####.##


You could see the friendly Khenut the battlemage, 2 orc priests and an orc
wizard (invisible).

Vanquished Creatures
  Eustachio (D:4)
  An orc priest (D:3)
  2 hounds (D:4)
  An orc wizard (D:3)
  A worker ant (D:5)
  A hound skeleton (D:4)
  8 adders
  A worm (D:2)
  2 giant geckos
  7 orcs
  A giant cockroach (D:1)
  9 goblins
  8 hobgoblins
  3 jackals (D:3)
  2 quokkas
  2 ball pythons
  8 bats
  4 giant newts
  10 kobolds
  9 rats
81 creatures vanquished.

Vanquished Creatures (collateral kills)
  An ice beast (D:5)
  A crimson imp (D:5)
  A hound (D:5)
  An orc wizard (D:5)
  A worker ant (D:3)
  2 adders
  3 worms
  A giant gecko (D:3)
  An orc (D:4)
  A goblin (D:2)
  A jackal (D:3)
  A quokka (D:3)
  A bat (D:3)
  A kobold (D:2)
  A rat (D:2)
18 creatures vanquished.

Vanquished Creatures (others)
  An ancestor (D:4)
1 creature vanquished.

Grand Total: 100 creatures vanquished

Notes
Turn   | Place    | Note
--------------------------------------------------------------
     0 | D:1      | vatarom the Formicid Fighter began the quest for the Orb.
     0 | D:1      | Reached XP level 1. HP: 18/18 MP: 1/1
   243 | D:1      | Reached XP level 2. HP: 24/24 MP: 2/2
   839 | D:2      | Reached XP level 3. HP: 29/29 MP: 3/3
   858 | D:2      | Found a hazy altar of Hepliaklqana.
   867 | D:2      | Became a worshipper of Hepliaklqana
   893 | D:2      | Reached skill level 5 in Shields
  1257 | D:2      | Reached XP level 4. HP: 24/35 MP: 4/4
  1827 | D:3      | Reached XP level 5. HP: 40/41 MP: 5/5
  1858 | D:3      | Found a faded altar of an unknown god.
  1921 | D:3      | Found a shattered altar of Ashenzari.
  1959 | D:3      | Reached XP level 6. HP: 34/47 MP: 6/6
  2033 | D:3      | Reached * piety under Hepliaklqana
  2242 | D:3      | Found a glowing silver altar of Zin.
  2244 | D:3      | Found an opulent altar of Gozag.
  2507 | D:3      | Saw a vision of the Shoals and the Snake Pit.
  2507 | D:3      | Noticed a merfolk
  2507 | D:3      | Noticed a sea snake
  2507 | D:3      | Noticed a shock serpent
  2507 | D:3      | Noticed a naga sharpshooter
  2507 | D:3      | Noticed a black mamba
  2507 | D:3      | Noticed a naga mage
  2507 | D:3      | Noticed a salamander
  2508 | D:3      | Noticed a black mamba
  2662 | D:4      | Noticed Eustachio
  2687 | D:4      | Killed Eustachio
  2687 | D:4      | Reached skill level 5 in Fighting
  2687 | D:4      | Reached XP level 7. HP: 49/56 MP: 7/7
  2700 | D:4      | Found Kaneju's General Store.
  2705 | D:4      | Found Noshrusm's General Store.
  2715 | D:4      | Bought a potion of mutation for 35 gold pieces
  2715 | D:4      | Gained mutation: Your mind is acute. (Int +2) [potion of mutation]
  2715 | D:4      | Gained mutation: You have an increased reservoir of magic. (+10% MP) [potion of mutation]
  2715 | D:4      | Gained mutation: You are partially covered in large bone plates. (AC +2, SH +2) [potion of mutation]
  3003 | D:4      | Found Tuad's Assorted Antiques.
  3220 | D:4      | Found Avvituric's General Store.
  3288 | D:5      | Entered Level 5 of the Dungeon
  3393 | D:5      | Reached ** piety under Hepliaklqana
  3466 | D:5      | Remembered your ancestor Khenut as a battlemage
  3489 | D:5      | Killed from afar by an orc priest

Vault maps used:
D:1:      saegor_arrival_miasma, kennysheep_small_spiral
D:2:      nicolae_overflow_crystal_walls, minmay_stone_trees_small
D:3:      wad_pebble_path, grunt_temple_overflow_gold_and_silver,
          ecumenical_altar_2, grunt_ashenzari_visionary
D:4:      serial_shops, kennysheep_little_box, nicolae_shop_stone, shop,
          shop_statue, first_bread, st_stairs_8, grunt_decor_resistance,
          uniq_eustachio

Skill      XL: |  1  2  3  4  5  6  7 |
---------------+----------------------+-----
Shields        | 4 5 6 7 |  7.8
Fighting       | 5 7 |  7.1
Polearms       | |  2.0
Armour         | |  3.2

Action                   |  1- 3 |  4- 6 |  7- 9 || total
-------------------------+-------+-------+-------++-------
Melee: Trident           |   115 |    69 |       ||   184
       Spear             |     6 |    74 |    75 ||   155
Invok: Ancestor Life: Ba |       |       |     1 ||     1
  Use: Scroll            |     4 |     2 |       ||     6
       Potion            |       |     3 |     2 ||     5
 Stab: Distracted        |       |     1 |       ||     1
  Eat: Chunk             |     1 |     1 |       ||     2
       Bread ration      |       |     1 |     1 ||     2
       Fruit             |       |       |     1 ||     1
Armor: Scale mail        |    31 |    41 |    17 ||    89
Dodge: Dodged            |    17 |    33 |    12 ||    62
Block: Shield            |    51 |    47 |       ||    98
       Large shield      |       |    40 |    68 ||   108
